 Dungeon Crawl Stone Soup version 0.26-a0-200-g62faa89a7e (webtiles) character file.

Game seed: 8033919291608491805

10856 Gargoyl the Cleaver (level 11, -7/91 HPs)
             Began as a Centaur Abyssal Knight on July 5, 2020.
             Was a Priest of Lugonu.
             Mangled by a red ugly thing (22 damage)
             ... on level 11 of the Dungeon.
             The game lasted 00:19:51 (20261 turns).

Gargoyl the Cleaver (Centaur Abyssal Knight)       Turns: 20261, Time: 00:19:52

Health: -7/91      AC: 12    Str: 16    XL:     11   Next: 41%
Magic:  17/17      EV:  7    Int: 11    God:    Lugonu [***...]
Gold:   494        SH:  0    Dex: 11    Spells: 10/10 levels left

rFire    . . .     SeeInvis .   v - +3 battleaxe
rCold    . . .     Faith    .   (shield currently unavailable)
rNeg     . . .     Spirit   .   D - +0 chain mail (curse)
rPois    +         Reflect  .   (no helmet)
rElec    .         Harm     .   h - +0 cloak
rCorr    .                      o - +0 pair of gloves
MR       .....                  (no barding)
Stlth    ..........             k - amulet of the acrobat
HPRegen  0.25/turn              u - ring of poison resistance
MPRegen  0.15/turn              (no ring)

@: very quick
A: large, hooves 3, deformed body, speed 2, tough skin 3
a: Depart the Abyss, Bend Space, Banish, Renounce Religion


You were on level 11 of the Dungeon.
You worshipped Lugonu.
Lugonu was most pleased with you.
You were very hungry.

You visited 1 branch of the dungeon, and saw 11 of its levels.
You visited the Abyss 1 time.

You collected 494 gold pieces.

Inventory:

Hand Weapons
 a - a +1 hand axe
 v - a +3 battleaxe (weapon)
Missiles
 I - 6 javelins (quivered)
Armour
 d - a +0 chain mail
 h - a +0 cloak (worn)
 o - a +0 pair of gloves (worn)
 D - a cursed +0 chain mail (worn)
 G - the cursed +0 scale mail "Bonyneu" {rN+, unknown}
   (You found it on level 10 of the Dungeon)

   It protects you from negative energy.
   It has a curse placed upon it.
Jewellery
 k - an amulet of the acrobat (around neck)
 u - a ring of poison resistance (left hand)
 w - an uncursed ring of flight
 x - an uncursed ring of protection from cold {unknown}
 E - an uncursed amulet of guardian spirit {unknown}
 H - an uncursed amulet of magic regeneration {unknown}
Wands
 g - a wand of polymorph (5)
 y - a wand of random effects (26)
 z - a wand of iceblast (11)
Scrolls
 f - 6 scrolls of remove curse
 p - 2 scrolls of identify
 s - 5 scrolls of fog
 B - a scroll of enchant weapon {unknown}
 C - a scroll of teleportation
 F - a scroll of magic mapping {unknown}
Potions
 b - a potion of stabbing
 e - a potion of flight
 i - a potion of invisibility
 j - a potion of magic
 l - a potion of curing
 m - a potion of haste
 n - 2 potions of resistance
 q - a potion of berserk rage {unknown}
 t - a potion of cancellation {unknown}
 A - a potion of mutation {unknown}
Comestibles
 c - 13 rations


   Skills:
 + Level 6.5 Fighting
 + Level 8.8 Axes
 + Level 0.6 Throwing
 * Level 8.4 Armour
 * Level 5.1 Dodging
 * Level 8.0 Invocations


You had 10 spell levels left.
You didn't know any spells.
Your spell library contained the following spells:

 Spells                   Type           Power        Failure   Level  Hunger
 Corona                   Hex            #......      99%         1    ##.....
 Ensorcelled Hibernation  Hex/Ice        #.....       100%        2    ###....
 Confusing Touch          Hex            #.......     100%        3    ####...
 Dazzling Flash           Conj/Hex       #.....       100%        3    ####...
 Gell's Gravitas          Tloc           #.........   100%        3    ####...
 Tukima's Dance           Hex            #.......     100%        3    ####...
 Petrify                  Tmut/Erth      #.......     100%        4    #####..
 Metabolic Englaciation   Hex/Ice        #.........   100%        5    ######.
 Yara's Violent Unravell  Hex/Tmut       #.........   100%        5    ######.


Dungeon Overview and Level Annotations

Branches:
Dungeon (11/15)            Temple (0/1) D:5            Lair (0/6) D:11
    Orc (0/2) D:9

Altars:
Ashenzari
Cheibriados
Dithmenos
Fedhas
Hepliaklqana
Nemelex Xobeh
Qazlal
Wu Jian
Yredelemnul
Zin

Shops:
D:4 (   D:5 [}


Innate Abilities, Weirdness & Mutations

You have hooves in place of feet.
Armour fits poorly on your strangely shaped body.
You cover ground very quickly.
You have extremely tough skin. (AC +3)


Message History

Found a ration.
You closely miss the red ugly thing. The red ugly thing closely misses you.
You slash the red ugly thing! Your kick misses the red ugly thing.
The red ugly thing is lightly wounded.
The red ugly thing claws you.
You are engulfed in flames!
You barely miss the red ugly thing.
You kick the red ugly thing, but do no damage.
The red ugly thing is lightly wounded.
The red ugly thing barely misses you.
You barely miss the red ugly thing.
The red ugly thing is lightly wounded.
The red ugly thing claws you.
You are engulfed in flames!!
* * * LOW HITPOINT WARNING * * *
The red ugly thing claws you but does no damage.
You closely miss the red ugly thing.
The red ugly thing is lightly wounded.
The red ugly thing claws you!
* * * LOW HITPOINT WARNING * * *
You are engulfed in flames!!
You die...

..%... #......
...... ##....#
#.....###
##.......... .. #
#.u.........
...#.#.@..#......
#.........#......
#......(.##........#
#........##......≈.#
#.......#.......≈≈.#
..#.....#.......≈..#
. #.....+.........
#....##........
#.### #.....#+#


You could see a red ugly thing.

Vanquished Creatures
  Gastronok (D:9)
  Joseph (D:8)
  A centaur skeleton (D:10)
  A slime creature (D:8)
  Prince Ribbit (D:7)
  3 wyverns
  A wraith (D:10)
  A hungry ghost (D:10)
  A soldier ant (D:10)
  An orc warrior (D:7)
  2 water moccasins
  4 ice beasts
  4 sky beasts
  3 phantoms
  7 ogres
  3 centaurs
  11 bullfrogs
  3 scorpions
  5 killer bees
  2 wights
  An electric eel (D:7)
  4 howler monkeys
  13 jellies
  A quasit (D:8)
  10 orc priests
  3 hounds
  4 iguanas
  Natasha (thrice) (D:4)
  8 orc wizards
  9 worker ants
  A hound skeleton (D:6)
  8 gnolls
  11 adders
  3 shadow imps
  A white imp (D:8)
  4 ufetubi
  21 oozes
  2 adder zombies
  4 worms
  2 leopard geckos
  34 orcs
  A ball python (D:2)
  A giant cockroach (D:3)
  6 goblins
  6 hobgoblins
  13 jackals
  10 kobolds
  2 quokkas
  6 bats
  4 frilled lizards
  2 quokka zombies
  8 rats
262 creatures vanquished.

Vanquished Creatures (others)
  A hydra (D:10)
  A two-headed ogre (D:10)
  2 trolls (D:10)
  A steam dragon (D:8)
  An orc warrior (D:8)
  2 killer bees (D:10)
  An electric eel (D:7)
  A wight (D:8)
  4 fungi (D:9)
14 creatures vanquished.

Grand Total: 276 creatures vanquished

Notes
Turn   | Place    | Note
-------+----------+-------------------------------------------
     0 | Abyss:1  | Gargoyl the Centaur Abyssal Knight began the quest for the
                  | Orb.
     0 | Abyss:1  | Reached XP level 1. HP: 19/19 MP: 2/2
   205 | Abyss:1  | Noticed an iron imp
   302 | Abyss:3  | Noticed a large abomination
   304 | Abyss:3  | Noticed a starcursed mass
   307 | Abyss:3  | Noticed an eidolon
   308 | D:1      | Escaped the Abyss
   505 | D:1      | Reached XP level 2. HP: 26/26 MP: 3/3
   991 | D:1      | Reached * piety under Lugonu
   999 | D:1      | Reached skill level 1 in Dodging
  1447 | D:2      | Reached XP level 3. HP: 22/31 MP: 4/4
  2181 | D:2      | Found a shattered altar of Ashenzari.
  2185 | D:2      | Saw a vision of the Shoals and the Spider Nest.
  2185 | D:2      | Noticed a redback
  2185 | D:2      | Noticed a hornet
  2185 | D:2      | Noticed a redback
  2185 | D:2      | Noticed a merfolk
  2185 | D:2      | Noticed a sea snake
  2185 | D:2      | Noticed a merfolk siren
  2185 | D:2      | Noticed a merfolk
  2185 | D:2      | Noticed a merfolk
  2186 | D:2      | Noticed a wolf spider
  2189 | D:2      | Noticed a redback
  2189 | D:2      | Noticed a redback
  2189 | D:2      | Noticed a wolf spider
  2267 | D:2      | Found a faded altar of an unknown god.
  2791 | D:3      | Reached XP level 4. HP: 17/39 MP: 5/5
  3207 | D:3      | Reached XP level 5. HP: 44/46 MP: 6/6
  3493 | D:3      | Reached ** piety under Lugonu
  4140 | D:4      | Noticed Natasha
  4151 | D:4      | Killed Natasha
  4301 | D:4      | Reached XP level 6. HP: 36/52 MP: 8/8
  4829 | D:4      | Noticed Natasha
  4844 | D:4      | Killed Natasha
  4854 | D:4      | Noticed Natasha
  4867 | D:4      | Killed Natasha
  5337 | D:4      | Reached XP level 7. HP: 15/59 MP: 9/9
  5697 | D:4      | Found a stormy altar of Qazlal.
  6001 | D:4      | Found Qyomupoe's Weapon Shop.
  6853 | D:5      | Entered Level 5 of the Dungeon
  6853 | D:5      | Found a sparkling altar of Nemelex Xobeh.
  7045 | D:5      | Found Jorir's Armour Shop.
  7256 | D:5      | Found Jyczibla's Gadget Boutique.
  7356 | D:5      | Reached XP level 8. HP: 27/66 MP: 11/11
  8029 | D:5      | Found a blossoming altar of Fedhas.
  8058 | D:5      | Found a staircase to the Ecumenical Temple.
  8113 | D:6      | Found a shattered altar of Ashenzari.
  8131 | D:6      | Noticed an angel
  8132 | D:6      | Found a glowing silver altar of Zin.
  8157 | D:6      | Reached skill level 5 in Armour
  8337 | D:6      | Reached *** piety under Lugonu
  9174 | D:6      | Reached skill level 5 in Axes
  9760 | D:6      | Reached skill level 5 in Invocations
 10198 | D:7      | Reached XP level 9. HP: 59/73 MP: 12/12
 10886 | D:7      | Reached skill level 5 in Fighting
 11390 | D:7      | Noticed Prince Ribbit
 11408 | D:7      | Killed Prince Ribbit
 11798 | D:7      | Found an ornate altar of the Wu Jian Council.
 12982 | D:7      | Reached **** piety under Lugonu
 14172 | D:8      | Reached XP level 10. HP: 70/81 MP: 14/14
 14675 | D:8      | Noticed Joseph
 14692 | D:8      | Killed Joseph
 14866 | D:9      | Noticed Gastronok
 14887 | D:9      | Killed Gastronok
 16166 | D:8      | HP: 3/83 [ooze (3)]
 17008 | D:9      | Found a hazy altar of Hepliaklqana.
 17019 | D:9      | Found a shadowy altar of Dithmenos.
 17019 | D:9      | Found a basalt altar of Yredelemnul.
 17022 | D:9      | Found a snail-covered altar of Cheibriados.
 17586 | D:9      | Found a staircase to the Orcish Mines.
 17647 | D:10     | Entered Level 10 of the Dungeon
 17912 | D:10     | Reached XP level 11. HP: 40/89 MP: 7/16
 19203 | D:10     | Got a faintly glowing scale mail
 19401 | D:10     | Noticed a two-headed ogre
 19415 | D:10     | Banished a two-headed ogre
 19923 | D:10     | Reached skill level 5 in Dodging
 20126 | D:11     | Noticed a four-headed hydra
 20136 | D:10     | Banished a four-headed hydra
 20244 | D:11     | Found a staircase to the Lair.
 20252 | D:11     | Noticed a red ugly thing
 20261 | D:11     | Mangled by a red ugly thing

Illustrated notes

Levels and vault maps discovered:
D:1:      wander_arrival_abandoned_jail, layout_basic,
          hangedman_decor_clover_reticule, minmay_hedge_maze, fountainhead
D:2:      layout_basic, chequers_ecumenical_altar_simple,
          grunt_ashenzari_visionary [grunt_ashenzari_visionary_shoals,
          grunt_ashenzari_visionary_spider]
D:3:      layout_basic
D:4:      layout_gridville, kennysheep_mini_moat, serial_shops, shop,
          portal_sewer_entry_d, uniq_natasha
D:5:      layout_basic, lemuel_crystal_altar, lemuel_temple_firewalk_b,
          first_ration, serial_shops, shop, shop, supply_closet_lemuel,
          fedhas_altar_3
D:6:      layout_basic, overflow_temple_1_default, zin_angel
D:7:      layout_rooms, lemuel_round_altar, lightli_minifort,
          uniq_prince_ribbit1
D:8:      layout_rooms, hangedman_little_slice_of_home, uniq_joseph
D:9:      lemuel_slime, layout_grid_maze, lemuel_doored_altar,
          nicolae_overflow_hidden_temple, orc_0_dummy,
          statue_in_the_mist_lemuel, uniq_gastronok
D:10:     layout_stronghold
D:11:     minmay_the_grid_four_pointed_star_mashed
          [minmay_the_grid_triangle_9x9_minimal,
          minmay_the_grid_triangle_9x9_sparse_checkered,
          minmay_the_grid_triangle_9x9_warning,
          minmay_the_grid_triangle_9x9_limited_checkers,
          minmay_the_grid_prize_four_corners], layout_basic

Skill      XL: |  1  2  3  4  5  6  7  8  9 10 11 |
---------------+----------------------------------+-----
Dodging        | 1 2 3 4 5 |  5.1
Axes           | 2 3 4 5 6 8 |  8.8
Armour         | 2 3 4 5 6 7 8 |  8.4
Invocations    | 3 4 5 6 7 8 |  8.0
Fighting       | 4 5 6 |  6.5
Throwing       | |  0.6

Action                   |  1- 3 |  4- 6 |  7- 9 | 10-12 || total
-------------------------+-------+-------+-------+-------++-------
Melee: Hand axe          |   107 |   200 |   565 |       ||   872
       Kick              |    18 |    42 |   149 |    79 ||   288
       Battleaxe         |       |       |    27 |   297 ||   324
Throw: Boomerang         |       |       |     6 |     5 ||    11
Invok: Depart the Abyss  |     1 |       |       |       ||     1
       Banish            |       |       |     3 |     9 ||    12
       Bend Space        |       |       |     1 |       ||     1
  Use: Scroll            |     2 |     7 |    11 |     1 ||    21
       Potion            |       |     1 |     3 |     5 ||     9
  Eat: Chunk             |     4 |     6 |    16 |     7 ||    33
       Ration            |       |       |     4 |     5 ||     9
Armor: Chain mail        |    84 |   169 |   389 |   249 ||   891
       Leather armour    |     2 |       |       |       ||     2
       Skin              |       |     8 |    16 |       ||    24
Dodge: Dodged            |    20 |    59 |   213 |   164 ||   456

Table legend:
 A = Non-vault XP
 B = Vault XP
 C = Vault XP percentage of total XP
 D = Non-vault monster count
 E = Vault monster count
 F = Vault count percentage of total count
                 A         B        C        D         E       F
            +---------+---------+-------+---------+---------+-------
      Total |   11075 |    4434 |  28.6 |     231 |      41 |  15.1
            +---------+---------+-------+---------+---------+-------
        D:1 |      26 |       0 |   0.0 |      15 |       0 |   0.0
        D:2 |      52 |       0 |   0.0 |      17 |       0 |   0.0
        D:3 |     155 |       0 |   0.0 |      31 |       0 |   0.0
        D:4 |     908 |      51 |   5.3 |      22 |       2 |   8.3
        D:5 |     541 |       0 |   0.0 |      19 |       0 |   0.0
        D:6 |    1116 |       0 |   0.0 |      32 |       0 |   0.0
        D:7 |    1411 |     393 |  21.8 |      35 |       4 |  10.3
        D:8 |    1521 |     912 |  37.5 |      21 |      12 |  36.4
        D:9 |    1138 |    2673 |  70.1 |      15 |      21 |  58.3
       D:10 |    4199 |     312 |   6.9 |      23 |       1 |   4.2
       D:11 |       0 |      93 | 100.0 |       0 |       1 | 100.0
    Abyss:1 |       8 |       0 |   0.0 |       1 |       0 |   0.0
            +---------+---------+-------+---------+---------+-------
